 Dungeon Sprint DCSS version 0.22-a0-346-ga714374 (webtiles) character file.

2158 emperorscorpion the Reanimator (level 9, -3/65 HPs)
             Began as an Octopode Necromancer on Apr 6, 2018.
             Was an Elder of Vehumet.
             Slain by a catoblepas (8 damage)
             ... in the Dungeon (Sprint IX: "|||||||||||||||||||||||||||||").
             The game lasted 00:08:33 (860 turns).

emperorscorpion the Reanimator (OpNe)                Turns: 860, Time: 00:08:34

Health: -3/65      AC:  1    Str:  7    XL:     9   Next: 31%
Magic:  17/21      EV:  2    Int: 19    God:    Vehumet [****..]
Gold:   10         SH:  0    Dex: 14    Spells: 9/25 levels left

rFire    . . .     SeeInvis .   b - staff of energy
rCold    . . .     Gourm    .   (no shield)
rNeg     + + +     Faith    .   (helmet restricted)
rPois    ∞         Spirit   .   (no amulet)
rElec    .         Reflect  .   p - +2 ring of evasion
rCorr    .         Harm     .   q - +2 ring of evasion
MR       .....     NoTele   +   (no ring)
Stlth    +++++.....             (no ring)
HPRegen  0.20/turn              (no ring)
MPRegen  0.17/turn              (no ring)
                                (no ring)
                                (no ring)

@: petrified
A: almost no armour, stealthy swim, amphibious, 8 rings, constrict 8, camouflage
1, gelatinous body 1
a: Renounce Religion


You were in the Dungeon.
You worshipped Vehumet.
Vehumet was greatly pleased with you.
You were hungry.

You visited 1 branch You collected 10 gold pieces.

Inventory:

Hand Weapons
 a - the +2 scimitar of Raeteqed {drain, rElec rPois rF+ MR+ Dex-4}
   (You found it in the Dungeon)

   A truly terrible weapon, it drains the life of those it strikes.
   It affects your dexterity (-4).
   It protects you from fire.
   It insulates you from electricity.
   It protects you from poison.
   It affects your resistance to hostile enchantments.
 m - a +2 rapier of venom
 r - a +0 shortbow
Missiles
 s - 51 arrows
Armour
 o - a +0 cloak
Magical Staves
 b - an uncursed staff of energy (weapon)
Jewellery
 p - a +2 ring of evasion (left tentacle)
 q - a +2 ring of evasion (right tentacle)
Scrolls
 h - 4 scrolls of blinking
 i - 3 scrolls of remove curse
 j - 2 scrolls of amnesia
 t - a scroll of identify
 u - 2 scrolls of fear
 v - 2 scrolls of enchant weapon
Potions
 c - 7 potions of curing
 d - 3 potions of heal wounds
 e - 3 potions of haste
 f - 4 potions of magic
 g - a potion of invisibility
 n - a potion of might
Comestibles
 l - 2 rations


   Skills:
 + Level 7.7 Fighting
 + Level 9.8 Dodging
 + Level 7.2 Stealth
 * Level 8.6 Spellcasting
 - Level 12.7 Necromancy
 + Level 4.6 Air Magic


You had 9 spell levels left.
You knew the following spells:

 Your Spells              Type           Power        Failure   Level  Hunger
a - Pain                  Necr           ####         1%          1    None
b - Animate Skeleton      Necr           N/A          1%          1    None
c - Shock                 Conj/Air       ###.         1%          1    None
d - Vampiric Draining     Necr           ######....   1%          3    None
e - Animate Dead          Necr           N/A          1%          4    None
f - Stone Arrow           Conj/Erth      #.....       7%          3    None
r - Regeneration          Chrm/Necr      ####......   1%          3    None


Dungeon Overview and Level Annotations

Branches:
Dungeon (1/1)

Altars:
Cheibriados
Dithmenos
Elyvilon
Fedhas
Gozag
Hepliaklqana
Kikubaaqudgha
Makhleb
Nemelex Xobeh
Okawaru
Qazlal
Ru
Sif Muna
Trog
Uskayaw
Vehumet
Wu Jian
Xom
Yredelemnul
Zin
The Shining One
Beogh
Jiyva
Lugonu


Innate Abilities, Weirdness & Mutations

You cannot wear most types of armour.
You are very stealthy in the water. (Stealth+)
You are amphibious.
You can wear up to eight rings at the same time.
You can use your tentacles to constrict eight enemies at once.
Your skin changes colour to match your surroundings (Stealth+).
Your rubbery body absorbs attacks. (AC +1, EV +1)


Message History

Press: ? - help, Dir - move target cursor, p - catoblepas You can't see that place. [the floor.]
Okay, then.
You are engulfed in calcifying dust.
Your limbs have turned to stone.
You have turned to stone.
You are engulfed in calcifying dust. x2
The catoblepas gores you!!
You are engulfed in calcifying dust.
The catoblepas gores you!
You are engulfed in calcifying dust.
The catoblepas gores you!! The catoblepas gores you!!
The catoblepas is no longer covered in acid.
The catoblepas stomps with a crash on the ground.
The catoblepas gores you!!
* * * LOW HITPOINT WARNING * * *
The catoblepas breathes a plume of calcifying dust at you.
The blast of calcifying dust hits you!
* * * LOW HITPOINT WARNING * * *
You are engulfed in calcifying dust.
The catoblepas gores you!
You die...

▓_▓.▓
▓_▓.▓
▓'▓.▓
▓.▓.▓
▓.▓.▓
▓.▓.▓
▓)▓.▓
▓.▓Y▓
▓[▓@▓
▓)▓§▓
▓.▓§▓
▓)▓.▓
▓'▓.▓
▓.▓.▓
▓.▓.▓
▓.▓.▓
▓.▓.▓


You could see a catoblepas.

Vanquished Creatures
  A two-headed ogre (D)
  A troll (D)
  2 hippogriffs (D)
  2 ice beasts (D)
  3 porcupines (D)
  A sky beast (D)
  2 centaurs (D)
  A big kobold (D)
  A bullfrog (D)
  A wight (D)
  A jelly (D)
  2 oozes (D)
  An adder skeleton (D)
  A leopard gecko (D)
  An orc (D)
  A ball python (D)
  A goblin (D)
  A jackal (D)
  A quokka (D)
  A bat (D)
  A quokka zombie (D)
27 creatures vanquished.

Notes
Turn   | Place    | Note
-------+----------+-------------------------------------------
     0 | D        | emperorscorpion the Octopode Necromancer began the quest for the Orb.
     0 | D        | Reached XP level 1. HP: 11/11 MP: 3/3
     8 | D        | Reached skill level 1 in Fighting
    17 | D        | Reached XP level 2. HP: 9/20 MP: 5/5
    29 | D        | Learned a level 1 spell: Animate Skeleton
   230 | D        | Noticed an ice beast
   247 | D        | Killed an ice beast
   247 | D        | Reached XP level 3. HP: 32/32 MP: 6/6
   247 | D        | Reached XP level 4. HP: 38/38 MP: 7/7
   261 | D        | Found a roughly hewn altar of Beogh.
   261 | D        | Found a snail-covered altar of Cheibriados.
   261 | D        | Found a shadowy altar of Dithmenos.
   261 | D        | Found a white marble altar of Elyvilon.
   261 | D        | Found a blossoming altar of Fedhas.
   261 | D        | Found an opulent altar of Gozag.
   262 | D        | Found a hazy altar of Hepliaklqana.
   263 | D        | Found a viscous altar of Jiyva.
   264 | D        | Found an ancient bone altar of Kikubaaqudgha.
   265 | D        | Found a corrupted altar of Lugonu.
   266 | D        | Found a burning altar of Makhleb.
   267 | D        | Found a sparkling altar of Nemelex Xobeh.
   268 | D        | Found an iron altar of Okawaru.
   269 | D        | Found a stormy altar of Qazlal.
   270 | D        | Found a sacrificial altar of Ru.
   271 | D        | Found a deep blue altar of Sif Muna.
   272 | D        | Found a bloodstained altar of Trog.
   273 | D        | Found a hide-covered altar of Uskayaw.
   274 | D        | Found a radiant altar of Vehumet.
   275 | D        | Found an ornate altar of the Wu Jian Council.
   276 | D        | Found a shimmering altar of Xom.
   277 | D        | Found a basalt altar of Yredelemnul.
   278 | D        | Found a glowing silver altar of Zin.
   279 | D        | Found a glowing golden altar of the Shining One.
   282 | D        | Became a worshipper of Vehumet
   298 | D        | Got the +2 scimitar of Raeteqed {drain, rElec rPois rF+ MR+ Dex-4}
   314 | D        | Learned a level 3 spell: Regeneration
   314 | D        | Noticed a troll
   314 | D        | Noticed a sky beast
   314 | D        | Noticed a two-headed ogre
   314 | D        | Noticed a centaur
   317 | D        | Reached skill level 5 in Necromancy
   317 | D        | Reached XP level 5. HP: 27/43 MP: 8/8
   324 | D        | Killed a troll
   324 | D        | Reached * piety under Vehumet
   324 | D        | Offered knowledge of Shock by Vehumet.
   324 | D        | Reached skill level 8 in Necromancy
   324 | D        | Reached XP level 6. HP: 19/49 MP: 8/11
   327 | D        | Killed a sky beast
   327 | D        | Reached skill level 5 in Stealth
   327 | D        | Reached skill level 9 in Necromancy
   327 | D        | Reached XP level 7. HP: 22/54 MP: 8/13
   330 | D        | Reached skill level 10 in Necromancy
   330 | D        | Killed a two-headed ogre
   330 | D        | Reached ** piety under Vehumet
   330 | D        | Reached skill level 5 in Spellcasting
   330 | D        | Reached skill level 12 in Necromancy
   330 | D        | Reached XP level 8. HP: 25/60 MP: 8/15
   333 | D        | Learned a level 1 spell: Shock
   337 | D        | Learned a level 3 spell: Vampiric Draining
   359 | D        | Learned a level 4 spell: Animate Dead
   502 | D        | Noticed a hippogriff
   510 | D        | Offered knowledge of Throw Frost by Vehumet.
   517 | D        | Reached skill level 1 in Air Magic
   522 | D        | Reached *** piety under Vehumet
   529 | D        | Killed a hippogriff
   683 | D        | Noticed a hippogriff
   683 | D        | Noticed a komodo dragon
   683 | D        | Noticed a hippogriff
   689 | D        | Offered knowledge of Stone Arrow by Vehumet.
   689 | D        | Reached XP level 9. HP: 63/64 MP: 10/20
   692 | D        | Reached **** piety under Vehumet
   696 | D        | Noticed a catoblepas
   813 | D        | Learned a level 3 spell: Stone Arrow
   860 | D        | Slain by a catoblepas

Vault maps used:
D:        linesprint

Skill      XL: |  1  2  3  4  5  6  7  8  9 |
---------------+----------------------------+-----
Fighting       | 2 7 |  7.7
Dodging        | 6 7 8 9 |  9.8
Stealth        | 3 4 5 6 7 |  7.2
Necromancy     | 5 8 9 12 | 12.7
Spellcasting   | 3 4 5 7 8 |  8.6
Air Magic      | 3 4 |  4.6

Action                   |  1- 3 |  4- 6 |  7- 9 || total
-------------------------+-------+-------+-------++-------
Melee: Unarmed           |    36 |     4 |       ||    40
       Tentacles         |     7 |     1 |     1 ||     9
       Constrict         |     6 |     1 |     1 ||     8
       Scimitar          |       |     3 |     6 ||     9
 Cast: Animate Skeleton  |     3 |     2 |     3 ||     8
       Shock             |       |       |    33 ||    33
       Regeneration      |       |       |     6 ||     6
       Vampiric Draining |       |       |     2 ||     2
       Pain              |       |       |     1 ||     1
       Stone Arrow       |       |       |     2 ||     2
Evoke: Wand              |       |     4 |     6 ||    10
       Staff of energy   |       |       |     9 ||     9
  Use: Potion            |     1 |       |       ||     1
 Stab: Sleeping          |     1 |       |       ||     1
Armor: Skin              |     2 |       |     2 ||     4
Dodge: Dodged            |    26 |     5 |    46 ||    77
       Rpst.: Scimitar   |       |       |     4 ||     4

Table legend:
 A = Spawn XP
 B = Non-spawn XP
 C = Spawn XP percentage of total XP
 D = Spawn monster count
 E = Non-spawn monster count
 F = Spawn count percentage of total count
 G = Total turns spent on level
                    A         B        C        D         E        F      G
               +---------+---------+-------+---------+---------+-------+---------
         Total |       0 |    3084 |   0.0 |       0 |      27 |   0.0 |   860
               +---------+---------+-------+---------+---------+-------+---------
             D |       0 |    3084 |   0.0 |       0 |      27 |   0.0 |   860
               +---------+---------+-------+---------+---------+-------+---------
